Zazza, neutral female human Tourist ------ ---- --.--.-- ---------.|.-- |......-------- --..|.--......| |........--...---------.............------ |......................^>..................- --...---.........(............(.------------ ----- --...........---..*...[..|---- --..........|----....)..--..--- |..---.....||...^....<.......----- --- ------....---.--.................## --.| |..............................| |..--- ---.------.--.......--........@.B---------- |....| |...| |...--.....[G).........fh..........| ----.-----.------.--........----........---------- - |....|..| |...--.---....| |........--- ---.-...|---.--...| --..-- |..........-- |....--|...--.--- |..| --..........| ---.----.--...---------------.........-- |..............................--....| -----..--..----------------.|.----..-- -------- ----- ---- Zazza the Rambler Experience level: 1 Strength: 11 Dexterity: 8 Constitution: 13 Intelligence: 18 Wisdom: 8 Charisma: 15 Health: 0(10) Energy: 2(2) Def: 5 Gold: 645 Moves: 1311 Dungeon seed: iMYcEt9JcGsgDCwe Game ID: Zazza_1536740429 Your Inventory: Coins $ - 645 gold pieces Weapons a - 31 +2 darts (in quiver) s - a +0 quarterstaff v - a +0 dagger (weapon in hand) Armor e - an uncursed +0 Hawaiian shirt (being worn) N - an uncursed +0 elven mithril-coat (being worn) Comestibles b - 8 uncursed food rations f - 2 uncursed tripe rations r - an uncursed lembas wafer Scrolls h - 3 uncursed scrolls of magic mapping i - a blessed scroll of magic mapping Potions g - 2 uncursed potions of extra healing p - a cursed potion of extra healing Rings x - an uncursed ring of fire resistance (on left hand) Tools j - an expensive camera (0:53) k - an uncursed credit card w - an uncursed mirror Gems n - 2 uncursed touchstones y - an uncursed worthless piece of green glass Spells and supernatural/magical abilities: Name Level Category Fail Memory z - sleep 1 enchantment 77% 94% W - pray for help -- divine ? -- Your skills at the end: Fighting Skills Weapon Skills dart [Basic] Spellcasting Skills Final Attributes: You were nominally aligned. You were fire resistant. You are dead. Vanquished creatures: 2 gnome lords 2 dwarves a coyote a gas spore a hobbit 2 giant rats 6 gnomes a gecko 3 jackals 2 sewer rats 9 grid bugs a lichen 2 newts 33 creatures vanquished. Voluntary challenges: You were an atheist. You used a wielded weapon 2 times, starting on turn 795. You read items or engraved 5 times, starting on turn 8. You never genocided any monsters. You never polymorphed an object. You never changed form. You used no wishes. You never split a pudding. You never wrote Elbereth's name. You never violated your personal moral code. Dungeon overview: The Dungeons of Doom: levels 1 to 4 Level 1 a long staircase Level 2 a fountain Level 3 Level 4 stairs to The Gnomish Mines The Gnomish Mines: Level 5 <- You were here stairs to The Dungeons of Doom History has recorded: On T:1 you entered the Dungeons of Doom to retrieve the Amulet of Yendor! On T:413 you reached level 2 of The Dungeons of Doom. On T:664 you reached level 3 of The Dungeons of Doom. On T:827 you reached level 4 of The Dungeons of Doom. On T:1086 you reached level 1 of The Gnomish Mines. Score breakdown: Gold: 115 ( 7022 points) Experience: 1 level ( 0 points) Exploration: 5 levels ( 11.11%) ( 9045 points) Discoveries: 4 items ( 1.34%) ( 3475 points) Valuables value: (no points given unless you survive) Artifact value: 0 ( 0 points) Variety of kills: 13 monsters ( 3.41%) ( 5541 points) Turncount: 1311 turns ( 0 points) Survival: died (score multiplied by 80%) Total score: 20066 Latest messages: You see here 2 food rations. b - 2 uncursed food rations. You displace Armand. The air crackles around the gnomish wizard. You displace Armand. The gnomish wizard casts a spell! The gnomish wizard is suddenly moving faster. Armand bites the gnomish wizard. The gnomish wizard points all around, then curses. The air crackles around the gnomish wizard. Armand misses the dwarf lord. The dwarf lord swings his pick-axe at Armand. The dwarf lord hits Armand. The dwarf lord swings his pick-axe at Armand. The dwarf lord misses Armand. The dart hits it. The air crackles around the gnomish wizard. a - a +2 dart (in quiver). The dwarf lord swings his pick-axe. The dwarf lord hits! The dwarf lord swings his pick-axe. The dwarf lord hits! You die... Final status: Aloha Zazza the Tourist, killed by a dwarf lord... You died in The Gnomish Mines on dungeon level 5 with 20066 points, and 645 pieces of gold, after 1311 moves. You were level 1 with a maximum of 10 hit points when you died.